cohdb
Replays
Latest Replays
All Replays
Popular Replays
Top Player Replays
Match Explorer
How It Works
Community
CoH3 Stats
Reddit
Sign in to upload your games and track your stats! →
Sign in with Steam
Match 39698999
Unlisted
Match 39698999
Overview
Messages
Build Orders
End
Construct Barracks
Riflemen Squad
M1 Mortar Team
Riflemen Squad
Infantry Support Center
Construct Weapon Support Center
Grenade Package
M3 Armored Personnel Carrier
M3 Armored Personnel Carrier
Selects Heavy Weapons
Selects Assault Carriers
Selects Exchangeable Parts
Engineer Squad
Advanced Logistics
Construct Motor Pool
Riflemen Squad
M1918 Browning Automatic Rifles
Forward Retreat Point
Construct Tank Depot
M18 Hellcat Tank Destroyer
Riflemen Squad
M18 Hellcat Tank Destroyer
Engineer Squad
Engineer Squad
Selects M26 Pershing Heavy Tank
M26 Pershing Heavy Tank
Engineer Squad
M18 Hellcat Tank Destroyer
Boom
只有框A才能打败框A
Some_Devil
Don't Bully Me, I'll Cum
水银灯
2nd infantry division
JL
那谁_
0
0
Comments
sign in to comment!
No comments posted yet!